 Dungeon Crawl Stone Soup version 0.21-a0-460-g737a915 (console) character file.

51 Isvaffel the Bolt Thrower (level 3, -7/29 HPs)
             Began as a Mummy Hunter on Nov 22, 2017.
             Mangled by a gnoll
             ... wielding a +0 flail
              (13 damage)
             ... on level 1 of the Dungeon.
             The game lasted 00:02:19 (1174 turns).

Isvaffel the Bolt Thrower (Mummy Hunter)            Turns: 1174, Time: 00:02:19

Health: -7/29      AC:  3    Str: 15    XL:     3   Next: 58%
Magic:  3/3        EV: 12    Int: 10    God:
Gold:   40         SH:  0    Dex: 13    Spells: 2/2 levels left

rFire    x . .     SeeInvis .   b - +0 short sword
rCold    + . .     Gourm    .   (no shield)
rNeg     + + +     Faith    .   c - +0 leather armour
rPois    ∞         Spirit   .   (no helmet)
rElec    .         Reflect  .   (no cloak)
rCorr    .         Harm     .   (no gloves)
MR       .....                  (no boots)
Stlth    +.........             (no amulet)
HPRegen  0.09/turn              (no ring)
MPRegen  0.08/turn              (no ring)

@: no status effects
A: no food or potions, fire vulnerability, cold resistance 1, negative energy
resistance 3, torment resistance, unbreathing
a: no special abilities


You were on level 1 of the Dungeon.
You were not hungry.

You visited 1 branch of the dungeon, and saw 2 of its levels.

You collected 40 gold pieces.

Inventory:

Hand Weapons
 a - a +1 hand crossbow
 b - a +0 short sword (weapon)
Missiles
 d - a bolt
Armour
 c - a +0 leather armour (worn)
Scrolls
 e - 3 scrolls of identify {unknown}
 f - a scroll of enchant armour {unknown}
 g - a scroll of teleportation {unknown}
 h - a scroll of random uselessness {unknown}
 i - a scroll of amnesia {unknown}
 j - a scroll of remove curse {unknown}


   Skills:
 + Level 3.0 Fighting
 - Level 4.0 Crossbows
 - Level 1.5 Dodging
 - Level 0.7 Stealth


You had 2 spell levels left.
You didn't know any spells.

Dungeon Overview and Level Annotations

Branches:
Dungeon (2/15)

Altars:


Innate Abilities, Weirdness & Mutations

You do not eat or drink.
Your flesh is vulnerable to fire.
You are immune to poison.
Your flesh is cold resistant. (rC+)
You are immune to negative energy. (rN+++)
You are immune to unholy pain and torment.
You can survive without breathing.


Message History

You hit the gnoll.
The gnoll is moderately wounded.
The gnoll completely misses you.
You barely miss the gnoll.
The gnoll is moderately wounded.
The gnoll hits you with a flail!
You closely miss the gnoll.
The gnoll is moderately wounded.
The gnoll hits you with a flail.
You hit the gnoll but do no damage.
The gnoll is moderately wounded.
The gnoll hits you but does no damage.
You hit the gnoll but do no damage.
The gnoll is moderately wounded.
The gnoll hits you with a flail.
* * * LOW HITPOINT WARNING * * *
You closely miss the gnoll.
The gnoll is moderately wounded.
The gnoll hits you with a flail!
You die...

#..#.....#..≈..#.....#........#.#
.......####...####..........#.#.#
##...#######.#######...#......#.#
)......................#..).....#
##.................#.#.##.......#
#...................#.##.......#
##.....................##.#.#....
..............#........##........
....##..........@g..>..#.........
....##...........................
.......................###.###...
.......................#⌠#....###
........≈≈≈≈≈..........###..#.###
........≈###≈.....###............
...####.≈≈≈≈≈.....# #....#.##.###
.### ##≈≈#≈≈.....# #(...#.##.# #
.# #≈≈#≈≈.#...###....#.##.# #


You could see a gnoll.

Vanquished Creatures
  A gnoll (D:1)
  An adder (D:2)
  A worm (D:2)
  2 dart slugs (D:1)
  5 bats (D:1)
  A giant cockroach (D:1)
  6 goblins
  3 hobgoblins (D:1)
  2 kobolds
  A frilled lizard (D:1)
  3 rats
26 creatures vanquished.

Notes
Turn   | Place    | Note
-------+----------+-------------------------------------------
     0 | D:1      | Isvaffel the Mummy Hunter began the quest for the Orb.
     0 | D:1      | Reached XP level 1. HP: 16/16 MP: 1/1
   150 | D:1      | Reached XP level 2. HP: 18/22 MP: 2/2
   374 | D:1      | Reached skill level 4 in Crossbows
   734 | D:2      | Reached XP level 3. HP: 25/28 MP: 3/3
  1174 | D:1      | Mangled by a gnoll

Vault maps used:
D:1:      eino_arrival_water_star, minmay_crystal_water, st_stairs_3,
          feat_on_display
D:2:      first_bread, uniq_natasha

Skill      XL: |  1  2  3 |
---------------+----------+-----
Crossbows      | 4 |  4.0
Fighting       | 3 |  3.0
Dodging        | |  1.5
Stealth        | |  0.7

Action                   || total
-------------------------++-------
Melee: Short sword       ||    15
 Fire: Hand crossbow     ||    63
Armor: Leather armour    ||    11
Dodge: Dodged            ||    20

Table legend:
 A = Spawn XP
 B = Non-spawn XP
 C = Spawn XP percentage of total XP
 D = Spawn monster count
 E = Non-spawn monster count
 F = Spawn count percentage of total count
 G = Total turns spent on level
                    A         B        C        D         E        F      G
               +---------+---------+-------+---------+---------+-------+---------
         Total |       0 |      74 |   0.0 |       0 |      26 |   0.0 |  1174
               +---------+---------+-------+---------+---------+-------+---------
           D:1 |       0 |      47 |   0.0 |       0 |      18 |   0.0 |  1108
           D:2 |       0 |      27 |   0.0 |       0 |       8 |   0.0 |    66
               +---------+---------+-------+---------+---------+-------+---------
